 Dungeon Crawl Stone Soup version 0.31-a0-198-g2ad674f65e (webtiles) character file.

Game seed: 14728431600433589796

57 qw the Shooter (level 3, -1/20 HPs)
             Began as a Deep Elf Hunter on June 25, 2023.
             Slain by an orc
             ... wielding a +0 short sword
              (4 damage)
             ... on level 3 of the Dungeon.
             The game lasted 00:00:31 (1555 turns).

qw the Shooter (Deep Elf Hunter)                    Turns: 1555, Time: 00:00:31

Health: -1/20      AC:  3    Str: 10    XL:     3   Next: 73%
Magic:  5/5        EV: 12    Int: 13    God:
Gold:   28         SH:  0    Dex: 18    Spells: 2/2 levels left

rFire   . . .        Y - +0 shortbow
rCold   . . .        (shield currently unavailable)
rNeg    . . .        c - +0 leather armour
rPois   .            (no helmet)
rElec   .            (no cloak)
rCorr   .            (no gloves)
SInv    .            (no boots)
Will    .....        (no amulet)
Stlth   ++           (no ring)
HPRegen 0.23/turn    (no ring)
MPRegen 0.09/turn

%: no passive effects
@: no status effects
A: no striking features
a: no special abilities


You were on level 3 of the Dungeon.
You visited 1 branch of the dungeon, and saw 3 of its levels.

You collected 28 gold pieces.


   Skills:
 - Level 1.5 Fighting
 + Level 7.2 Ranged Weapons
 - Level 2.4 Dodging
 - Level 1.2 Stealth


You had 2 spell levels left.
You didn't know any spells.
Your spell library was empty.

Inventory:

Hand Weapons
 Y - a +0 shortbow (weapon)
Armour
 c - a +0 leather armour (worn)
Scrolls
 a - a scroll of identify
Potions
 h - a potion of curing

Dungeon Overview and Level Annotations

Branches:
Dungeon (3/15)

Altars:


Message History

The giant cockroach bites you but does no damage.
The giant cockroach bites you.
You shoot an arrow.
The arrow completely misses the giant cockroach.
The giant cockroach barely misses you.
You shoot an arrow.
The arrow hits the giant cockroach but does no damage.
The giant cockroach bites you but does no damage.
The giant cockroach barely misses you.
You shoot an arrow.
The arrow closely misses the giant cockroach.
The giant cockroach misses you.
You shoot an arrow. The arrow hits the giant cockroach!
You kill the giant cockroach!
You start resting.
HP restored.
Done exploring.
(D) Dungeon
Where to? (* - list waypoints, Enter - D:3, ? - help)
What level of the Dungeon? (default 1, ? - help)
You climb downwards.
The ball python bites you.
The ball python barely misses you. x2; The ball python misses you.
An orc priest comes into view. It is wielding a +0 short sword.
There is a stone staircase leading up here.
You shoot an arrow.
The arrow completely misses the ball python.
The ball python barely misses you. The ball python grabs you.
The ball python constricts you. The ball python barely misses you.
The ball python constricts you.
You shoot an arrow. The arrow hits the ball python.
The ball python is severely wounded.
The orc hits you with a +0 flail. The orc hits you with a +0 short sword.
The ball python bites you. The ball python constricts you.
You shoot an arrow. The arrow hits the ball python.
You kill the ball python!
The orc hits you with a +0 flail! The orc hits you with a +0 short sword.
1555 ||| STAIRDANCE The orc barely misses you.
The orc closely misses you. The orc hits you with a +0 short sword.
You die...

### ..# ##
..###..
#####.....
.......>.#
.........#
.........#
......o@%#
......oo.#
####...#.#
###. .# ..
.. ... ..#
... ...
.... ...#


You could see 3 orcs.

Vanquished Creatures
  An adder (D:2)
  2 worms (D:2)
  3 dart slugs
  5 endoplasms
  A giant cockroach (D:2)
  A goblin (D:1)
  A hobgoblin (D:2)
  4 kobolds
  3 quokkas
  4 ball pythons
  5 bats
  2 frilled lizards
  4 rats
36 creatures vanquished.

Notes
Turn   | Place    | Note
-------+----------+-------------------------------------------
     0 | D:1      | qw the Deep Elf Hunter began the quest for the Orb.
     0 | D:1      | Reached XP level 1. HP: 12/12 MP: 3/3
     0 | D:1      | 0 ||| qw: Version: 0.3-a-22-g0ed2b0b
     0 | D:1      | 0 ||| qw: Game counter: 5301
     0 | D:1      | 0 ||| qw: Melee chars always use a shield: true
     0 | D:1      | 0 ||| qw: God list: Okawaru
     0 | D:1      | 0 ||| qw: Allow faded altars: false
     0 | D:1      | 0 ||| qw: Do Orc after clearing Dungeon:15 true
     0 | D:1      | 0 ||| qw: Do second Lair branch before Depths: true
     0 | D:1      | 0 ||| qw: Lair rune preference: random
     0 | D:1      | 0 ||| qw: Goals: Normal
     0 | D:1      | 0 ||| PLANNING D:1-11
    90 | D:1      | Reached XP level 2. HP: 16/16 MP: 4/4
   101 | D:1      | Reached skill level 6 in Ranged Weapons
   577 | D:1      | 577 ||| DROPPING ring of flight.
   578 | D:1      | 578 ||| READING 2 scrolls labelled COPTUIM IRADOM.
   579 | D:1      | 579 ||| READING scroll labelled GIKAFOSHU LOTERGHA.
   580 | D:1      | 580 ||| READING scroll labelled ETHREKHICLUOWKY.
   581 | D:1      | 581 ||| DRINKING 2 glowing clear potions.
   582 | D:1      | 582 ||| DROPPING scroll of butterflies.
   626 | D:2      | Reached XP level 3. HP: 20/20 MP: 5/5
  1017 | D:2      | Reached skill level 7 in Ranged Weapons
  1137 | D:2      | 1137 ||| FLEEEEING.
  1138 | D:2      | 1138 ||| FLEEEEING.
  1139 | D:2      | 1139 ||| FLEEEEING.
  1140 | D:2      | 1140 ||| FLEEEEING.
  1141 | D:2      | 1141 ||| FLEEEEING.
  1498 | D:2      | Found a faded altar of an unknown god.
  1510 | D:2      | 1510 ||| READING 2 scrolls labelled DUR QYSSUPP.
  1511 | D:2      | 1511 ||| READING 2 scrolls labelled SYRRIZX VEUXU.
  1512 | D:2      | 1512 ||| READING scroll labelled RIANEHUESU.
  1513 | D:2      | 1513 ||| DROPPING scroll of blinking.
  1514 | D:2      | 1514 ||| DROPPING scroll of fear.
  1539 | D:3      | 1539 ||| STAIRDANCE
  1554 | D:3      | HP: 3/20 [orc/+0 short sword (4)]
  1555 | D:3      | 1555 ||| STAIRDANCE
  1555 | D:3      | Slain by an orc

Levels and vault maps discovered:
D:1:      minmay_arrival_up_and_down, layout_loops_ring
D:2:      layout_loops_corners, shapermc_ecumenical_altar_flowoftime,
          minmay_misc_feat_ornament
D:3:      layout_rooms, chequers_garden, serial_park_tiny_2, interstate_on_off

Skill      XL: |  1  2  3 |
---------------+----------+-----
Ranged Weapons | 6 7 |  7.2
Fighting       | |  1.5
Dodging        | |  2.4
Stealth        | |  1.2

Action                     || total
---------------------------++-------
   Fire: Shortbow          ||   103
    Use: Scroll            ||     6
         Potion            ||     1
 Armour: Leather armour    ||     8
  Dodge: Dodged            ||    24

Table legend:
 A = Non-vault XP
 B = Vault XP
 C = Vault XP percentage of total XP
 D = Non-vault monster count
 E = Vault monster count
 F = Vault count percentage of total count
                 A         B        C        D         E       F
            +---------+---------+-------+---------+---------+-------
      Total |      82 |       0 |   0.0 |      36 |       0 |   0.0
            +---------+---------+-------+---------+---------+-------
        D:1 |      28 |       0 |   0.0 |      17 |       0 |   0.0
        D:2 |      53 |       0 |   0.0 |      18 |       0 |   0.0
        D:3 |       1 |       0 |   0.0 |       1 |       0 |   0.0
            +---------+---------+-------+---------+---------+-------
